 Dungeon Crawl Stone Soup version 0.19-a0-1937-g70ed36a (webtiles) character file.

7476 JeffiDaFish the Cleaver (level 11, -19/97 HPs)
             Began as a Hill Orc Fighter on Oct 27, 2016.
             Was an Elder of Beogh.
             Demolished by a red ugly thing (22 damage)
             ... on level 11 of the Dungeon.
             The game lasted 00:26:32 (9940 turns).

JeffiDaFish the Cleaver (Hill Orc Fighter)          Turns: 9940, Time: 00:26:34

Health: -19/97     AC: 18    Str: 22    XL:     11   Next: 15%
Magic:  18/19      EV:  8    Int:  8    God:    Beogh [****..]
Gold:   603        SH: 11    Dex: 11    Spells: 1 memorised, 17 levels left

rFire  . . .     SeeInvis .     a - +3 war axe
rCold  . . .     Gourm    .     e - +2 plate armour
rNeg   . . .     Faith    .     c - +0 shield
rPois  .         Spirit   .     (helmet restricted)
rElec  .         Reflect  .     l - +2 cloak {MR+}
rCorr  .         Harm     .     (no gloves)
MR     +....                    (no boots)
Stlth  ..........               (no amulet)
                                u - +3 ring of evasion
                                t - +2 ring of slaying

@: no status effects
A: horns 1, high mp 1
a: Smiting, Recall Orcish Followers, Renounce Religion


You were on level 11 of the Dungeon.
You worshipped Beogh.
Beogh was greatly pleased with you.
You were not hungry.

You visited 1 branch of the dungeon, and saw 11 of its levels.

You collected 603 gold pieces.

Inventory:

Hand Weapons
 a - a +3 war axe (weapon)
 q - the +4 long sword "Gyc Ysay" {speed, *Corrode rC+++ MR++ MP-9}
   (You found it on level 5 of the Dungeon)

   Attacks with this weapon are significantly faster.
   It renders you almost immune to cold.
   It affects your resistance to hostile enchantments.
   It affects your magic capacity (-9).
   It may corrode you when you take damage.
 y - a +2 glaive of venom
Armour
 c - a +0 shield (worn)
 e - a +2 plate armour (worn)
 l - a +2 cloak of magic resistance (worn)
Jewellery
 t - a +2 ring of slaying (left hand)
 u - a +3 ring of evasion (right hand)
Wands
 g - a wand of flame (34/48)
 s - a wand of flame (20/48)
 D - a wand of iceblast (9/15)
Scrolls
 b - 4 scrolls of amnesia
 d - 10 scrolls of identify
 f - 2 scrolls of recharging
 h - 11 scrolls of remove curse
 k - 4 scrolls of teleportation
 n - 3 scrolls of fear
 x - 2 scrolls of magic mapping
Potions
 m - a potion of curing
 p - a potion of magic
 v - a potion of resistance
 w - a potion of haste
 A - a potion of flight
Books
 i - a book of Minor Magic

   Spells                             Type                      Level
   a - Magic Dart                     Conjuration                  1
   b - Blink                          Translocation                2
   c - Call Imp                       Summoning                    2
   d - Repel Missiles                 Charms/Air                   2
   e - Slow                           Hexes                        2
   f - Conjure Flame                  Conjuration/Fire             3
   g - Mephitic Cloud                 Conjuration/Poison/Air       3
 z - a book of Party Tricks

   Spells                             Type                      Level
   a - Summon Butterflies             Summoning                    1
   b - Apportation                    Translocation                1
   c - Lesser Beckoning               Translocation                3
   d - Tukima's Dance                 Hexes                        3
   e - Alistair's Intoxication        Transmutation/Poison         5
   f - Invisibility                   Hexes                        6
 E - a book of Geomancy

   Spells                             Type                      Level
   a - Sandblast                      Earth                        1
   b - Passwall                       Transmutation/Earth          2
   c - Stone Arrow                    Conjuration/Earth            3
   d - Petrify                        Transmutation/Earth          4
   e - Lee's Rapid Deconstruction     Earth                        5
Comestibles
 j - 4 meat rations
 o - a beef jerky
 r - 3 fruits
 B - 8 slices of pizza
 C - 2 bread rations
 F - 8 chunks of flesh


   Skills:
 * Level 9.5 Fighting
 + Level 3.7 Long Blades
 + Level 11.2 Axes
 + Level 6.8 Armour
 + Level 1.0 Dodging
 + Level 1.1 Stealth
 + Level 8.0 Shields
 * Level 4.1 Spellcasting
 * Level 5.7 Conjurations


You had 17 spell levels left.
You knew the following spells:

 Your Spells              Type           Power        Failure   Level  Hunger
a - Magic Dart            Conj           ##..         95%         1    #......


Dungeon Overview and Level Annotations

Branches:
Dungeon (11/15)            Temple (0/1) D:7            Lair (0/6) D:11
    Orc: D:9-12

Altars:
Gozag
Hepliaklqana
Okawaru
Qazlal
Ru
Vehumet

Shops:
D:4 [   D:5 :   D:6 =


Innate Abilities, Weirdness & Mutations

You have a pair of small horns on your head.
You have an increased reservoir of magic. (+10% MP)


Message History

The hill giant is heavily wounded.
Your plate armour prevents you from hitting the hill giant.
The hill giant is heavily wounded.
The hill giant hits you with a giant club.
* * * LOW HITPOINT WARNING * * *
You slash the hill giant!
The hill giant is severely wounded.
The hill giant hits you with a giant club!!
* * * LOW HITPOINT WARNING * * *
You slash the hill giant! You headbutt the hill giant.
The hill giant is almost dead.
The hill giant hits you but does no damage.
You slice the hill giant!!
You kill the hill giant!
Beogh accepts your kill.
Your orc warrior looks more experienced.
The red ugly thing kicks you.
* * * LOW HITPOINT WARNING * * *
You are engulfed in flames!!
You die...

...##.##################o#....#
...............).).(.(ooo#....###
..###>..ooooo....).....o.........
..# #########.###################
o.# ####.# ..
.(########....####.#
.o'......#......o#.#
..###....#.....oo#.# ..#
#....####..o@#'##### ### #o...#
#.###u.....# #oo..# #.# #......#
###....####.# #......#
#.'......##.# #......#
#.#....#.##.. .........
###.#....#.# .........
oo#.####.#.# ......... #.#.#
#.#.# #.........


You could see a red ugly thing and 4 friendly orc warriors.

Vanquished Creatures
  Pikel (D:5)
  A hill giant (D:11)
  A cyclops (D:10)
  A gargoyle (D:5)
  Grinder (D:3)
  3 yaks (D:11)
  A hungry ghost (D:8)
  A human (D:9)
  Menkaure (D:4)
  Duvessa (D:6)
  4 sky beasts
  A black bear (D:8)
  A slave (D:5)
  The ghost of redmage the Chopper, an amateur MiFi (D:4)
  An eye of draining (D:8)
  3 ogres
  5 centaurs
  A crocodile (D:11)
  Blork the orc (D:4)
  3 big kobolds
  7 bullfrogs
  Dowan (D:6)
  A scorpion (D:8)
  6 killer bees (D:8)
  4 crimson imps
  2 bullfrog zombies
  3 hounds
  Crazy Yiuf (D:2)
  An orc priest (D:6)
  A jelly (D:6)
  9 orc wizards
  A bullfrog skeleton (D:4)
  A centaur skeleton (D:6)
  3 iguanas
  14 worker ants
  Natasha (thrice) (D:2)
  2 hound skeletons (D:7)
  2 worker ant zombies
  A howler monkey skeleton (D:6)
  2 gnolls (D:11)
  8 adders
  2 shadow imps
  An ooze (D:3)
  2 worms
  5 dart slugs
  6 leopard geckos
  28 orcs
  11 bats
  4 giant cockroaches
  10 goblins
  5 hobgoblins
  10 jackals
  4 quokkas
  2 ball pythons
  3 frilled lizards
  19 kobolds
  A quokka zombie (D:8)
  8 rats
  A fungus (D:4)
228 creatures vanquished.

Vanquished Creatures (collateral kills)
  A hill giant (D:10)
  2 hippogriffs (D:10)
  A wyvern (D:9)
  A yak (D:11)
  A sky beast (D:9)
  An orc warrior (D:9)
  A phantom (D:11)
  A crocodile (D:11)
  A crimson imp (D:9)
  A hound (D:9)
  A worker ant (D:11)
  2 worker ant zombies (D:9)
  An adder (D:11)
  A gnoll (D:11)
16 creatures vanquished.

Vanquished Creatures (others)
  A slave (D:5)
  A necrophage (D:5)
  A crimson imp (D:5)
  An adder (D:5)
  2 adder zombies (D:5)
  A dart slug (D:3)
  A leopard gecko (D:5)
  5 orcs
  A bat (D:3)
  A jackal skeleton (D:5)
15 creatures vanquished.

Grand Total: 259 creatures vanquished

Notes
Turn   | Place    | Note
-------+----------+-------------------------------------------
     0 | D:1      | JeffiDaFish the Hill Orc Fighter began the quest for the Orb.
     0 | D:1      | Reached XP level 1. HP: 19/19 MP: 1/1
   136 | D:1      | Reached XP level 2. HP: 26/27 MP: 2/2
   247 | D:1      | Reached skill level 3 in Axes
   563 | D:1      | Reached XP level 3. HP: 33/33 MP: 3/3
  1233 | D:2      | Reached XP level 4. HP: 40/40 MP: 4/4
  1449 | D:2      | Noticed Natasha
  1458 | D:2      | Reached skill level 4 in Axes
  1467 | D:2      | Killed Natasha
  1722 | D:2      | Noticed Natasha
  1733 | D:2      | Killed Natasha
  1733 | D:2      | Reached XP level 5. HP: 10/46 MP: 5/5
  2018 | D:2      | Noticed Natasha
  2027 | D:2      | Killed Natasha
  2176 | D:2      | Found a runed door.
  2180 | D:2      | Noticed Crazy Yiuf
  2189 | D:2      | Killed Crazy Yiuf
  2368 | D:3      | Reached skill level 5 in Shields
  2393 | D:3      | Became a worshipper of Beogh the Brigand
  2841 | D:3      | Noticed Grinder
  2845 | D:3      | Paralysed by Grinder for 3 turns
  2853 | D:3      | Killed Grinder
  2853 | D:3      | Reached skill level 6 in Axes
  2853 | D:3      | Reached XP level 6. HP: 53/53 MP: 6/6
  2890 | D:3      | Gained mutation: You have a pair of small horns on your head. [potion of beneficial mutation]
  3230 | D:4      | Learned a level 1 spell: Magic Dart
  3289 | D:4      | Noticed Blork the orc
  3295 | D:4      | Killed Blork the orc
  3295 | D:4      | Reached XP level 7. HP: 60/60 MP: 7/7
  3381 | D:4      | Noticed redmage's ghost (amateur MiFi)
  3455 | D:4      | Killed redmage's ghost
  3455 | D:4      | Reached skill level 5 in Fighting
  3455 | D:4      | Reached skill level 1 in Conjurations
  3579 | D:4      | Found Eklev's Armour Shoppe.
  3644 | D:4      | Noticed Menkaure
  3652 | D:4      | Killed Menkaure
  3652 | D:4      | Reached skill level 7 in Axes
  3652 | D:4      | Reached skill level 1 in Stealth
  3652 | D:4      | Reached skill level 1 in Spellcasting
  3817 | D:4      | Found a sacrificial altar of Ru.
  3930 | D:4      | Reached * piety under Beogh
  4011 | D:4      | Reached XP level 8. HP: 68/68 MP: 9/9
  4112 | D:5      | Entered Level 5 of the Dungeon
  4134 | D:5      | Noticed Pikel
  4150 | D:5      | Killed Pikel
  4150 | D:5      | Reached skill level 8 in Axes
  4537 | D:5      | Reached skill level 5 in Armour
  4660 | D:5      | Noticed a gargoyle
  4669 | D:5      | Killed a gargoyle
  4669 | D:5      | Reached skill level 9 in Axes
  4669 | D:5      | Reached XP level 9. HP: 57/78 MP: 10/12
  5218 | D:5      | Got a translucent long sword
  5219 | D:5      | Identified the +4 long sword "Gyc Ysay" {speed, *Corrode rC+++ MR++ MP-9} (You found it on level 5 of the Dungeon)
  5355 | D:5      | Found Ytemn's Book Emporium.
  5527 | D:6      | Reached skill level 1 in Long Blades
  5638 | D:6      | Found a radiant altar of Vehumet.
  5726 | D:6      | Reached ** piety under Beogh
  5778 | D:6      | Noticed Duvessa
  5780 | D:6      | Noticed Dowan
  5784 | D:6      | Killed Duvessa
  5801 | D:6      | Killed Dowan
  5990 | D:6      | Found Giuv's Jewellery Boutique.
  6022 | D:6      | Found a hazy altar of Hepliaklqana.
  6251 | D:7      | Found a staircase to the Ecumenical Temple.
  6288 | D:7      | Found a stormy altar of Qazlal.
  6319 | D:7      | Reached *** piety under Beogh
  6466 | D:7      | Found an opulent altar of Gozag.
  6638 | D:7      | Reached XP level 10. HP: 81/88 MP: 14/14
  7539 | D:8      | Gained mutation: You have an increased reservoir of magic. (+10% MP) [potion of beneficial mutation]
  7987 | D:8      | Found an iron altar of Okawaru.
  7997 | D:8      | Reached skill level 10 in Axes
  8103 | D:9      | Reached skill level 1 in Dodging
  8423 | D:9      | Reached **** piety under Beogh
  8720 | D:10     | Entered Level 10 of the Dungeon
  8817 | D:10     | Noticed a cyclops
  8824 | D:10     | Killed a cyclops
  8824 | D:10     | Reached skill level 5 in Conjurations
  9290 | D:10     | Noticed a hill giant
  9297 | D:10     | Killed a hill giant
  9784 | D:11     | Reached XP level 11. HP: 96/97 MP: 18/18
  9791 | D:11     | Reached skill level 11 in Axes
  9792 | D:11     | Found a staircase to the Lair.
  9923 | D:11     | Noticed a red ugly thing
  9924 | D:11     | Noticed a hill giant
  9940 | D:11     | Killed a hill giant
  9940 | D:11     | HP: 3/97 [red ugly thing (6)]
  9940 | D:11     | Demolished by a red ugly thing

Vault maps used:
D:1:      dpeg_arrival_boxes_within_box, serial_bayou, serial_bayou_ford_a,
          serial_bayou_crossing, serial_bayou_pond_d, serial_bayou_pond_c,
          minmay_heptomino_d4
D:2:      uniq_crazy_yiuf_cottage, uniq_natasha
D:3:      nrook_loot_triangle, uniq_grinder
D:4:      nicolae_ru_the_path_less_chosen, serial_shops, nicolae_shop_trees,
          first_bread, uniq_blork_the_orc, uniq_menkaure
D:5:      serial_shops, shop, kennysheep_cross_room, uniq_pikel
D:6:      kennysheep_little_box, nicolae_overflow_crystal_walls, serial_shops,
          shop_statue, kennysheep_generic_room_6, uniq_duvessa
D:7:      grunt_gozag_breadcrumbs, grunt_qazlal_clouds
D:8:      nicolae_overflow_hidden_temple, basic_altar
D:9:      grunt_pizzeria, nicolae_sextant
D:11:     dpeg_lair_monsters

Skill      XL: |  1  2  3  4  5  6  7  8  9 10 11 |
---------------+----------------------------------+-----
Axes           | 3 4 6 7 9 10 11 | 11.2
Shields        | 4 5 6 7 8 |  8.0
Fighting       | 4 5 6 7 9 |  9.5
Armour         | 4 5 6 |  6.8
Conjurations   | 1 3 4 5 |  5.7
Stealth        | 1 |  1.1
Spellcasting   | 1 2 3 4 |  4.1
Long Blades    | 3 |  3.7
Dodging        | 1 |  1.0

Action                   |  1- 3 |  4- 6 |  7- 9 | 10-12 || total
-------------------------+-------+-------+-------+-------++-------
Melee: War axe           |   142 |   135 |   277 |   255 ||   809
       Headbutt          |       |     1 |    60 |    59 ||   120
       Long sword        |       |       |    51 |       ||    51
Invok: Convert to Beogh  |       |     1 |       |       ||     1
  Use: Scroll            |     8 |     2 |     4 |     2 ||    16
       Potion            |       |     3 |     5 |     7 ||    15
 Stab: Invisible         |       |       |     5 |       ||     5
  Eat: Chunk             |     2 |     6 |     3 |    10 ||    21
       Bread ration      |       |       |     2 |     1 ||     3
Armor: Plate armour      |   136 |    76 |   184 |   113 ||   509
Dodge: Dodged            |    19 |    18 |    64 |    59 ||   160
Block: Shield            |    87 |    63 |   158 |   142 ||   450
       Rpst.: Long sword |       |       |     1 |       ||     1
